 Dungeon Crawl Stone Soup version 0.29-a0-418-gc0181ea820 (webtiles) character file.

Game seed: 2106723578050768806

72 jimonade the Ogre Mage (level 4, 0/42 HPs)
             Began as an Ogre Hedge Wizard on May 18, 2022.
             Slain by Robin
             ... wielding a +0 mace
              (4 damage)
             ... on level 3 of the Dungeon.
             The game lasted 00:07:50 (3869 turns).

jimonade the Ogre Mage (Ogre Hedge Wizard)          Turns: 3869, Time: 00:07:51

Health: 0/42       AC:  3    Str: 14    XL:     4   Next: 26%
Magic:  0/10       EV:  9    Int: 17    God:
Gold:   235        SH:  0    Dex:  8    Spells: 11/12 levels left

rFire   . . .      SeeInvis .   a - +0 dagger
rCold   . . .      Faith    .   (no shield)
rNeg    . . .      Spirit   .   b - +0 robe
rPois   .          Reflect  .   c - +0 hat
rElec   .          Harm     .   (no cloak)
rCorr   .          Rampage  .   (gloves unavailable)
Will    .....                   (boots unavailable)
Stlth   +.........              (no amulet)
HPRegen 0.14/turn               (no ring)
MPRegen 0.12/turn               (no ring)

@: no status effects
A: large, unfitting armour, tough skin 1
a: no special abilities


You were on level 3 of the Dungeon.
You visited 1 branch of the dungeon, and saw 3 of its levels.

You collected 235 gold pieces.

Inventory:

Hand Weapons
 a - a +0 dagger (weapon)
 k - a +0 spear
 t - a +0 falchion
Missiles
 m - 65 stones
 o - 2 poisoned darts
Armour
 b - a +0 robe (worn)
 c - a +0 hat (worn)
Jewellery
 p - a ring of willpower
Scrolls
 e - a scroll of fear {unknown}
 i - a scroll of magic mapping
 j - a scroll of poison {unknown}
 l - a scroll of teleportation {unknown}
 n - 2 scrolls of identify
 u - a scroll of noise {unknown}
Potions
 d - 2 potions of magic
 f - a potion of resistance {unknown}
 g - a potion of lignification {unknown}
 h - a potion of degeneration {unknown}
 q - 2 potions of flight {unknown}
 r - 2 potions of invisibility
 s - a potion of berserk rage {unknown}


   Skills:
 * Level 2.2 Fighting
 - Level 2.0 Dodging
 - Level 1.4 Stealth
 * Level 4.9 Spellcasting
 * Level 1.4 Conjurations
 + Level 0.8 Summonings
 + Level 0.8 Translocations


You had 11 spell levels left.
You knew the following spells:

 Your Spells              Type           Power      Damage    Failure   Level
a - Magic Dart            Conj           36%        1d4       9%          1

Your spell library contained the following spells:

 Spells                   Type           Power      Damage    Failure   Level
 Slow                     Hex            16%        N/A       14%         1
 Blink                    Tloc           14%        N/A       16%         2
 Call Imp                 Summ           7%         N/A       16%         2
 Conjure Flame            Conj/Fire      6%         6-21      32%         3
 Dazzling Flash           Conj/Hex       12%        N/A       32%         3
 Mephitic Cloud           Conj/Pois/Air  5%         N/A       34%         3
 Iskenderun's Mystic Bla  Conj/Tloc      8%         2d4       65%         4
 Flame Wave               Conj/Fire      6%         2d5       71%         4
 Summon Lightning Spire   Summ/Air       5%         N/A       77%         4
 Airstrike                Air            2%         N/A       82%         4
 Lightning Bolt           Conj/Air       3%         1d14      96%         5
 Dispersal                Tloc           3%         N/A       100%        6
 Starburst                Conj/Fire      3%         6d3       100%        6
 Malign Gateway           Summ/Tloc      3%         N/A       100%        7


Dungeon Overview and Level Annotations

Branches:
Dungeon (3/15)

Altars:

Shops:
D:1 :

Annotations:
D:3 Robin


Innate Abilities, Weirdness & Mutations

You are too large for most types of armour.
You have tough skin. (AC +1)


Message History

Robin hits you with a +0 mace.
You hit Robin.
Robin is severely wounded.
Robin hits you with a +0 mace.
The magic dart hits Robin.
Robin is almost dead.
Robin hits you with a +0 mace.
You miscast Magic Dart.
You are very lightly contaminated with residual magic.
Nothing appears to happen.
Robin hits you but does no damage.
The magic dart hits Robin.
Robin is almost dead.
Robin closely misses you.
You don't have enough magic to cast this spell.
Robin hits you with a +0 mace.
Unknown command.
You barely miss Robin.
Robin is almost dead.
Robin hits you with a +0 mace.
You hit Robin but do no damage.
Robin is almost dead.
Robin hits you with a +0 mace.
You barely miss Robin.
Robin is almost dead.
Robin closely misses you.
You hit Robin but do no damage.
Robin is almost dead.
Robin hits you with a +0 mace.
* * * LOW HITPOINT WARNING * * *
Your magical contamination has completely faded away.
Aiming: Magic Dart (safe; 9% risk of failure)
Press: ? - help, Q - select action, (/) - cycle Shift-Dir - straight line, f/p - Robin
Aim: Robin, wielding a +0 mace, wearing a +0 animal skin and wearing a +0 helmet (almost dead, 100% to hit)
The magic dart hits Robin but does no damage.
Robin is almost dead.
Robin hits you with a +0 mace!
* * * LOW HITPOINT WARNING * * *
Robin attacks as you move away! Robin barely misses you.
Robin attacks as you move away! Robin hits you with a +0 mace.
You die...

######.#.##.......##...##...#.#.#
# #................#######)##.#.#
###.##.#................##.##....
....##.#.##....##########...#.#)#
######.#.##.##.# #.♣.#.#.#
#.#.##)##.##########...#.#.#
#.#.##.##.##.......##>##.#.#
#)#.##.##†##.##########.)...
#.#>......g@................
#...##.##.##.#####.#####.#.#
##<....##..#.# #.# #....
##g#####..#.# #.# #.#.# #g#
#).#.# #.#####.#.# #.# #..#.#
#.......#.# #.# #..#.#
#.......+.. #.# #..#.#
##......#.# #.#####..#..
#......#..


You could see Robin.

Vanquished Creatures
  A worm (D:3)
  2 dart slugs
  4 ball pythons
  6 endoplasms
  5 giant cockroaches
  13 goblins
  4 hobgoblins
  4 quokkas
  6 bats
  A frilled lizard (D:1)
  3 kobolds
  7 rats
56 creatures vanquished.

Notes
Turn   | Place    | Note
-------+----------+-------------------------------------------
     0 | D:1      | jimonade the Ogre Hedge Wizard began the quest for the Orb.
     0 | D:1      | Reached XP level 1. HP: 16/16 MP: 5/5
   102 | D:1      | Found a faded altar of an unknown god.
   111 | D:1      | Reached skill level 1 in Fighting
   201 | D:1      | Reached XP level 2. HP: 27/27 MP: 3/6
   243 | D:1      | Reached skill level 4 in Spellcasting
   607 | D:1      | Reached skill level 1 in Conjurations
   686 | D:1      | Got the Almanac of the Torrid Compass
   737 | D:1      | Found Deruodd's Book Emporium.
  1274 | D:2      | Reached XP level 3. HP: 33/33 MP: 4/8
  1803 | D:2      | Identified the +0 plate armour of Watchfulness {rF- MP+9
                  | Str+7}
  3346 | D:3      | Reached XP level 4. HP: 42/42 MP: 8/10
  3551 | D:3      | Noticed Robin
  3869 | D:3      | Slain by Robin

Illustrated notes

Levels and vault maps discovered:
D:1:      minmay_arrival_loop, layout_loops_ring, serial_shops, shop_statue,
          hellmonk_ecumenical_altar_blasted
D:2:      layout_basic
D:3:      layout_basic, grunt_ministairs_5, uniq_robin, uniq_grinder

Skill      XL: |  1  2  3 |
---------------+----------+-----
Fighting       | 1 2 |  2.2
Spellcasting   | 4 |  4.9
Conjurations   | 1 |  1.4
Dodging        | 2 |  2.0
Stealth        | |  1.4
Summonings     | |  0.8
Translocations | |  0.8

Action                   |  1- 3 |  4- 6 || total
-------------------------+-------+-------++-------
Melee: Dagger            |    25 |    14 ||    39
       Punch             |     3 |       ||     3
 Cast: Magic Dart        |   130 |    34 ||   164
  Use: Scroll            |     2 |       ||     2
Armor: Robe              |    16 |     7 ||    23
Dodge: Dodged            |    21 |    11 ||    32

Table legend: (Time is in decaauts)
 A = Elapsed time spent in this place.
 B = Non-inter-level travel time spent in this place.
 C = Inter-level travel time spent in this place.
 D = Time resting spent in this place.
 E = Time spent auto-exploring this place.
 F = Levels seen in this place.
 G = Mean time per level.
                   A        B        C        D        E       F      G
               +--------+--------+--------+--------+--------+-----+--------+
         Total |   3869 |   3779 |     90 |    228 |   2973 |   3 | 1289.7 |
       Dungeon |   3869 |   3779 |     90 |    228 |   2973 |   3 | 1289.7 |
               +--------+--------+--------+--------+--------+-----+--------+

Top non-repeatable levels by time:
     D:2: 1336 daAuts
     D:1: 1270 daAuts
     D:3: 1263 daAuts
